 Dungeon Crawl Stone Soup version 0.30.0-15-g856e2d3f33 (webtiles) character file.

Game seed: 3655718027692610575

693736 SnakkuSnakku7 the Rhythm of Life and Death (level 27, -11/270 HPs)
             Began as a Ghoul Hexslinger on May 19, 2023.
             Was a Believer of Uskayaw.
             Mangled by Mennas
             ... wielding a +4 trishula of holy wrath
              (22 damage)
             ... in Pandemonium on May 20, 2023.
             The game lasted 01:56:48 (50283 turns).

SnakkuSnakku7 the Rhythm of Life and Death (GhHs)  Turns: 50283, Time: 01:56:48

Health: -11/270    AC: 27    Str: 24      XL:     27
Magic:  39/39      EV: 29    Int:  5 (8)  God:    Uskayaw [**....]
Gold:   8966       SH:  0    Dex: 27      Spells: 31/36 levels left

rFire   + + .        a - +8 storm bow {elec, penet}
rCold   + . .        (shield currently unavailable)
rNeg    + + +        h - +6 scale mail of Gosujul {Dex+5 Slay+3}
rPois   ∞            B - +2 hat {Will+}
rElec   .            p - +2 cloak
rCorr   .            G - +0 pair of fencer's gloves {Riposte Dex+3}
SInv    .            S - +2 pair of boots {Fly}
Will    ++++.        Q - amulet of Vitality {RegenMP++ Regen++}
Stlth   +            I - ring of the Republic {+Blink rF+ Will+ EV+5}
HPRegen 0.00/turn    X - ring "Darpher" {rPois rF+ Dex+6}
MPRegen 1.06/turn

%: no passive effects
@: about to teleport, flying, inhibited regen, slowed, glowing, studying 4
skills, very slow
A: claws 1, cold resistance 1, negative energy resistance 3, inhibited
regeneration, torment resistance 2, devour on kill
}: 6/15 runes: serpentine, barnacled, slimy, silver, golden, demonic
a: Renounce Religion, Evoke Blink, Stomp, Line Pass


You were in Pandemonium.
You worshipped Uskayaw.
Uskayaw was exalted by your worship.
You visited 12 branches of the dungeon, and saw 54 of its levels.
You visited Pandemonium 1 time, and saw 5 of its levels.
You also visited: Ossuary, Bailey and Gauntlet.

You collected 12283 gold pieces.
You spent 3317 gold pieces at shops.

Inventory:

Hand Weapons
 a - the +8 storm bow (weapon) {elec, penet}
   (You found it in a Gauntlet)
Missiles
 y - 6 throwing nets
 D - 13 curare-tipped darts
Armour
 d - +0 storm dragon scales
 h - the +6 scale mail of Gosujul (worn) {Dex+5 Slay+3}
   (You bought it in a shop on level 2 of the Orcish Mines)

   Dex:       It affects your dexterity (+5).
   Slay:      It affects your accuracy & damage with ranged weapons and melee
   (+3).
 p - a +2 cloak (worn)
 B - a +2 hat of willpower (worn)
 G - the +0 pair of fencer's gloves (worn) {Riposte Dex+3}
   (You found it in a Gauntlet)

   Riposte:   It allows the wearer to riposte with melee weapons, swiftly
   retaliating against missed or blocked melee attacks.
   Dex:       It affects your dexterity (+3).
 S - a +2 pair of boots of flying (worn)
Jewellery
 n - the dreamshard necklace {*Dream Drain}
   (You found it in a Gauntlet)

   [amulet of nothing]

   *Dream:    It shatters if its wearer takes lethal or near-lethal damage,
   preventing the blow and releasing protective dreams that heal and fight for
   the wearer.
   Drain:     It drains your maximum health when unequipped.
 C - a ring of protection from cold
 I - the ring of the Republic (left hand) {+Blink rF+ Will+ EV+5}
   (You found it on level 1 of the Orcish Mines)

   [ring of evasion]

   EV:        It affects your evasion (+5).
   rF:        It protects you from fire.
   +Blink:    It lets you blink.
   Will:      It increases your willpower.
 P - a ring of see invisible
 Q - the amulet of Vitality (around neck) {RegenMP++ Regen++}
   (You acquired it on level 3 of the Snake Pit)

   [amulet of magic regeneration]

   It increases your rate of magic regeneration.
   Regen:     It increases your rate of health regeneration.
 R - the ring of Oxka {+Blink rN+ Str+4 Int+3}
   (You found it on level 3 of the Crypt)

   [ring of positive energy]

   Str:       It affects your strength (+4).
   Int:       It affects your intelligence (+3).
   rN:        It protects you from negative energy.
   +Blink:    It lets you blink.
 T - a ring of resist corrosion
 X - the ring "Darpher" (right hand) {rPois rF+ Dex+6}
   (You took it off a vault warden on level 2 of the Vaults)

   [ring of dexterity]

   Dex:       It affects your dexterity (+6).
   rF:        It protects you from fire.
   rPois:     It protects you from poison.
 Z - the ring of Tempters {AC+4 Str+5}
   (You found it on level 3 of the Tomb of the Ancients)

   [ring of protection]

   AC:        It affects your AC (+4).
   Str:       It affects your strength (+5).
Wands
 k - a wand of quicksilver (36)
 x - a wand of digging (20)
 F - a wand of charming (58)
 K - a wand of roots (34)
 N - a wand of polymorph (13)
 V - a wand of mindburst (14)
Scrolls
 b - 13 scrolls of poison
 e - a scroll of silence {unknown}
 f - 14 scrolls of fog
 o - 27 scrolls of identify
 r - 10 scrolls of magic mapping
 w - 2 scrolls of blinking
 A - 8 scrolls of fear
 L - 7 scrolls of teleportation
 O - 4 scrolls of torment
 U - 3 scrolls of enchant armour
Potions
 g - 5 potions of brilliance
 i - 25 potions of curing
 j - 9 potions of magic
 l - 14 potions of attraction
 m - 12 potions of flight
 q - 2 potions of haste
 s - 5 potions of resistance
 t - 8 potions of ambrosia
 u - 12 potions of might
 v - 5 potions of heal wounds
 E - 2 potions of cancellation
 M - 3 potions of invisibility
Miscellaneous
 c - a phial of floods
 Y - a figurine of a ziggurat


   Skills:
 + Level 26.4 Fighting
 - Level 21.2 Ranged Weapons
 - Level 4.0 Throwing
 - Level 15.0 Armour
 - Level 15.0 Dodging
 - Level 4.9 Shields
 - Level 15.0 Unarmed Combat
 - Level 5.3 Spellcasting
 - Level 2.4 Hexes
 - Level 12.0 Necromancy
 - Level 12.0 Earth Magic
 O Level 27 Invocations
 - Level 5.0 Evocations


You had 31 spell levels left.
You knew the following spells:

 Your Spells              Type           Power      Damage    Failure   Level
a - Borgnjor's Vile Clut  Necr/Erth      6%         N/A       12%         5

Your spell library contained the following spells:

 Spells                   Type           Power      Damage    Failure   Level
 Necrotise                Necr           52%        1d6       1%          1
 Kiss of Death            Conj/Necr      28%        2d7       4%          1
 Animate Dead             Necr           13%        N/A       4%          4
 Dispel Undead            Necr           13%        3d9       4%          4
 Slow                     Hex            12%        N/A       22%         1
 Leda's Liquefaction      Hex/Erth       4%         N/A       30%         4
 Animate Armour           Summ/Erth      14%        N/A       43%         4
 Petrify                  Tmut/Erth      7%         N/A       43%         4
 Ensorcelled Hibernation  Hex/Ice        4%         N/A       47%         2
 Apportation              Tloc           2%         N/A       50%         1
 Foxfire                  Conj/Fire      4%         2x1d4     50%         1
 Freeze                   Ice            4%         1d3       50%         1
 Magic Dart               Conj           4%         1d3       50%         1
 Sting                    Tmut/Pois      4%         1d3       50%         1
 Summon Small Mammal      Summ           4%         N/A       50%         1
 Confusing Touch          Hex            3%         N/A       54%         3
 Death Channel            Necr           6%         N/A       54%         6
 Poisonous Vapours        Pois/Air       2%         N/A       65%         2
 Scorch                   Fire           2%         2d5       65%         2
 Searing Ray              Conj           2%         2d4       65%         2
 Static Discharge         Conj/Air       2%         2-3/arc   65%         2
 Inner Flame              Hex/Fire       2%         N/A       71%         3
 Portal Projectile        Hex/Tloc       4%         N/A       71%         3
 Summon Guardian Golem    Hex/Summ       2%         N/A       71%         3
 Call Canine Familiar     Summ           1%         N/A       86%         3
 Frozen Ramparts          Ice            2%         1d1       86%         3
 Hailstorm                Conj/Ice       1%         3d3       86%         3
 Ozocubu's Armour         Ice            1%         N/A       86%         3
 Vhi's Electric Charge    Tloc/Air       2%         N/A       86%         3
 Volatile Blastmotes      Fire/Tloc      2%         2d10      86%         3
 Cause Fear               Hex            1%         N/A       91%         4
 Fulminant Prism          Conj/Hex       1%         3d5       98%         4
 Airstrike                Air            0%         2d(1-17)  99%         4
 Flame Wave               Conj/Fire      1%         2d4       99%         4
 Manifold Assault         Tloc           1%         N/A       99%         4
 Olgreb's Toxic Radiance  Pois           1%         N/A       99%         4
 Passage of Golubria      Tloc           1%         N/A       99%         4
 Sticky Flame             Conj/Fire      1%         2d3       99%         4
 Summon Ice Beast         Ice/Summ       1%         N/A       99%         4
 Summon Lightning Spire   Summ/Air       1%         N/A       99%         4
 Arcjolt                  Conj/Air       0%         1d10      100%        5
 Fireball                 Conj/Fire      0%         3d3       100%        5
 Freezing Cloud           Conj/Ice/Air   0%         6-21      100%        5
 Irradiate                Conj/Tmut      0%         3d11      100%        5
 Iskenderun's Battlesphe  Conj           1%         2d6       100%        5
 Metabolic Englaciation   Hex/Ice        1%         N/A       100%        5
 Silence                  Hex/Air        1%         N/A       100%        5
 Conjure Ball Lightning   Conj/Air       0%         3x3d6     100%        6
 Dispersal                Tloc           0%         N/A       100%        6
 Iron Shot                Conj/Erth      3%         9d2       100%        6
 Plasma Beam              Fire/Air       0%         2x1d11    100%        6
 Simulacrum               Ice/Necr       3%         N/A       100%        6
 Starburst                Conj/Fire      0%         6d3       100%        6
 Summon Cactus Giant      Summ           0%         N/A       100%        6
 Enfeeble                 Hex            1%         N/A       100%        7
 Haunt                    Necr/Summ      3%         N/A       100%        7
 Malign Gateway           Summ/Tloc      0%         N/A       100%        7
 Orb of Destruction       Conj           0%         9d5       100%        7
 Spellforged Servitor     Conj/Summ      0%         N/A       100%        7
 Summon Hydra             Summ           0%         N/A       100%        7
 Discord                  Hex            1%         N/A       100%        8
 Disjunction              Tloc           0%         N/A       100%        8
 Ignition                 Fire           0%         3d3       100%        8
 Lehudib's Crystal Spear  Conj/Erth      3%         10d3      100%        8
 Sublimation of Blood     Necr           Unusable   N/A       N/A         2
 Wereblood                Tmut           Unusable   N/A       N/A         2
 Ice Form                 Ice/Tmut       Unusable   N/A       N/A         4
 Blade Hands              Tmut           Unusable   N/A       N/A         5
 Dragon Form              Tmut           Unusable   N/A       N/A         7
 Storm Form               Tmut/Air       Unusable   N/A       N/A         7

Dungeon Overview and Level Annotations

Branches:
Dungeon (15/15)            Temple (1/1) D:7            Lair (5/5) D:11
 Shoals (4/4) Lair:3        Snake (4/4) Lair:3        Slime (5/5) Lair:5
    Orc (2/2) D:9             Elf (3/3) Orc:2        Vaults (5/5) D:13
  Crypt (3/3) Vaults:2       Tomb (3/3) Crypt:3      Depths (4/4) D:15
    Zot (0/5) Depths:4    Ossuary (visited)          Bailey (visited)
Gauntlet (visited)

Altars:
Ashenzari
Cheibriados
Dithmenos
Fedhas
Gozag
Hepliaklqana
Kikubaaqudgha
Makhleb
Nemelex Xobeh
Okawaru
Qazlal
Ru
Sif Muna
Trog
Uskayaw
Vehumet
Wu Jian
Xom
Yredelemnul
Jiyva

Shops:
D:6 =   D:12 (   D:15 [   Orc:1 =   Orc:2 [=(*(   Shoals:3 :   Shoals:4 *:
Snake:3 *   Snake:4 :==   Depths:1 =!(

Portals:
Hell: Depths:1 Depths:2 Depths:3 Depths:4
Abyss: Depths:1 Depths:2 Depths:3 Depths:4
Pandemonium: Depths:2 Depths:3
Ziggurat: Depths:4

Annotations:
D:1 2 transporters
Orc:1 2 transporters
Elf:2 3 runed translucent doors
Pan Mennas


Innate Abilities, Weirdness & Mutations

You are immune to poison.
You have sharp fingernails.
Your flesh is cold resistant. (rC+)
You are immune to negative energy. (rN+++)
You do not regenerate when monsters are visible.
You are immune to unholy pain and torment.
You thrive by killing the living.


Message History

The arrow pierces through the soul eater!
Lightning courses through the soul eater!
The soul eater is moderately wounded.
The arrow misses the Tzitzimitl.
Mennas, the Voice of Zin comes into view.
He is wielding a +4 trishula of holy wrath.
The demonspawn black sun completely misses you.
You can now pass through a line of other dancers.
As you read the scroll of teleportation, it crumbles to dust.
You feel strangely unstable.
The demonspawn black sun completely misses you.
The soul eater hits you but does no damage.
The demonspawn black sun hits you with a +2 demon blade of draining!
* * * LOW HITPOINT WARNING * * *
The soul eater hits you but does no damage.
Mennas hits you from afar with a +4 trishula of holy wrath!
* * * LOW HITPOINT WARNING * * *
You convulse!
* * * LOW HITPOINT WARNING * * *
Mennas completely misses you.
Unknown command.
Fire: a) +8 storm bow {elec, penet}
Press: ? - help, Q - select action, (/) - cycle Shift-Dir - straight line, f/p - Tzitzimitl
Aim: a Tzitzimitl (almost dead, 72% to hit)
You shoot an arrow.
The arrow pierces through the soul eater!
The soul eater is heavily wounded.
The arrow pierces through the Tzitzimitl!!!
You kill the Tzitzimitl!
Mennas gestures frantically.
You resist with almost no effort. The soul eater closely misses you.
The demonspawn black sun barely misses you.
You feel your intelligence returning. Mennas hits you but does no damage.
Mennas hits you from afar with a +4 trishula of holy wrath!!
* * * LOW HITPOINT WARNING * * *
You convulse.
* * * LOW HITPOINT WARNING * * *
The ufetubus misses you. x2; Mennas completely misses you.
Mennas hits you from afar with a +4 trishula of holy wrath!!
You die...

........####..#
........# #..#
........# #..#
.#####..# #..#
#..# .#
#..####..##
.#####.3........
......536A......
.......@####..##
.#####..# #.^#
#..# #..# ...#
...# ....#


You could see Mennas, a demonspawn black sun, a soul eater, a ynoxinul and an
ufetubus (summoned).

Vanquished Creatures
  the Royal Jelly (Slime:5)
  A dread lich (Vaults:5)
  Sojobo (Vaults:3)
  6 royal mummies (Tomb:3)
  A caustic shrike (Depths:2)
  6 golden dragons
  A bone dragon (D:15)
  A Brimstone Fiend (Pan)
  A Tzitzimitl (Pan)
  A doom hound (Crypt:2)
  A tentacled monstrosity (Depths:4)
  2 pandemonium lords (Pan)
  A Hell Sentinel (Pan)
  A shard shrike skeleton (Tomb:3)
  Rupert (D:14)
  Grunn (Crypt:2)
  6 liches
  2 deep elf master archers (Elf:3)
  2 deep elf blademasters (Elf:3)
  4 Executioners (Pan)
  10 quicksilver dragons
  3 titans (Vaults:5)
  A walking frostbound tome (Depths:4)
  16 acid blobs
  The ghost of pdpol the Severer, an adept MiFi of Okawaru (Snake:4)
  8 sphinxes
  8 tengu reavers
  13 ancient champions
  7 storm dragons
  6 azure jellies (Slime:5)
  Agnes (D:15)
  2 revenants
  5 draconian monks (Depths:4)
  Ilsuiw (Shoals:2)
  4 shadow dragons
  4 nagarajas (Snake:4)
  4 rockslimes
  10 frost giants
  2 iron dragons
  3 fire giants
  21 vault wardens
  2 demonspawn warmongers (Pan)
  3 curse skulls
  Louise (Snake:1)
  6 balrugs
  6 ghouls
  9 deep elf sorcerers
  Aizul (Elf:1)
  5 orc warlords
  A draconian scorcher (Depths:4)
  4 draconian annihilators (Depths:4)
  3 deep elf elementalists (Elf:3)
  5 cacodemons (Pan)
  4 demonspawn corrupters (Pan)
  3 demonspawn blood saints (Pan)
  35 very ugly things
  20 ironbound preservers
  2 reapers (Pan)
  16 stone giants
  6 quicksilver oozes
  3 war gargoyles
  20 vampire knights
  7 deep elf demonologists
  5 ironbound thunderhulks
  3 green draconians (Depths:4)
  4 demonspawn black suns (Pan)
  5 black draconians (Depths:4)
  7 white draconians (Depths:4)
  9 deep elf annihilators
  5 lorocyprocas
  5 spark wasps
  14 dire elephants
  6 eidola
  4 red draconians (Depths:4)
  A minotaur (Gauntlet)
  3 purple draconians (Depths:4)
  6 ettins
  3 merfolk javelineers
  4 blizzard demons
  A crystal guardian (Vaults:1)
  8 fire dragons
  5 jiangshi
  9 merfolk impalers
  4 green deaths (Pan)
  16 deep elf death magi
  5 deep elf high priests
  15 yaktaur captains
  14 mummy priests
  6 great orbs of eyes
  A hydra (shapeshifter) (Elf:1)
  The ghost of HilariousDeathArtist the Fighter, a journeyman BaEn of Gozag (D:11)
  2 spriggan zombies (Crypt:3)
  9 ice dragons
  2 peacekeepers
  4 catoblepae
  A rakshasa (Depths:2)
  A hell beast (Depths:3)
  A spriggan skeleton (Crypt:2)
  32 vault guards
  9 hydras
  5 merfolk avatars
  12 centaur warriors
  A fenstrider witch skeleton (Crypt:1)
  2 salamander tyrants (Snake:4)
  4 spriggan air magi
  3 ogre magi
  A death knight (Crypt:1)
  9 ironbound frosthearts
  A two-headed ogre (D:11)
  3 alligator snapping turtles
  4 satyrs
  6 boulder beetles
  8 anacondas
  2 merfolk aquamancers
  4 deep troll shamans
  A tengu warrior (Shoals:1)
  13 naga warriors
  4 death yaks
  2 hell hogs (Depths:1)
  21 death scarabs
  Urug (Lair:3)
  17 dancing weapons
  8 deep troll earth magi
  10 vampire magi
  8 naga sharpshooters
  A titan zombie (Crypt:2)
  7 deep elf knights
  3 spriggan berserkers (Depths:4)
  8 shock serpents
  21 soul eaters
  24 sun demons
  27 hell knights
  The ghost of jtron the Grappler, a novice TrBe of Trog (D:7)
  3 orc high priests
  A storm dragon zombie (Crypt:3)
  2 skysharks
  A fire crab (D:11)
  42 skeletal warriors
  4 shadow wraiths
  A bunyip zombie (Crypt:1)
  2 salamander mystics
  7 iron trolls
  A quicksilver dragon simulacrum (Depths:3)
  12 sixfirhies
  An anaconda zombie (Crypt:3)
  13 sea snakes
  61 deep trolls
  4 glowing orange brains
  A bog body (Crypt:1)
  A death drake (Depths:4)
  2 shadow demons (Pan)
  6 flayed ghosts
  33 phantasmal warriors
  16 ironbound convokers
  11 deep elf archers
  A golden dragon skeleton (Crypt:1)
  An obsidian statue (Gauntlet)
  7 lindwurms
  13 wizards
  22 deep elf zephyrmancers
  7 naga ritualists
  6 necromancers
  15 orc knights
  A lindwurm (shapeshifter) (D:13)
  20 harpies
  4 mana vipers
  70 ugly things
  24 deep elf pyromancers
  3 shining eyes
  3 oklob plants
  4 fauns (Shoals:2)
  2 wolf spiders (Lair:5)
  A stone giant zombie (Crypt:2)
  15 manticores
  6 cyclopes
  14 salamanders
  5 orc sorcerers
  A wolf spider zombie (D:15)
  A sphinx skeleton (Crypt:3)
  32 black mambas
  A shadow dragon skeleton (Crypt:3)
  Joseph (D:8)
  17 merfolk sirens
  25 vault sentinels
  A centaur zombie (D:15)
  18 elephants
  11 naga magi
  9 centaur skeletons (D:15)
  8 guardian serpents
  A frost giant skeleton (Crypt:2)
  2 demonic crawlers (Pan)
  12 smoke demons
  An alligator snapping turtle zombie (Crypt:3)
  8 orange demons
  7 water nymphs
  2 eyes of devastation (Slime:5)
  A rust devil (Depths:3)
  14 cane toads
  A torpor snail (Lair:5)
  A catoblepas zombie (Crypt:3)
  43 yaktaurs
  Psyche (D:12)
  3 rime drakes
  A swamp worm zombie (Crypt:2)
  A white draconian zombie (Crypt:2)
  2 efreet
  10 komodo dragons
  2 tormentors
  3 freezing wraiths
  A green draconian skeleton (Crypt:2)
  5 tengu conjurers
  2 red devils
  A spectral naga (Snake:1)
  27 guardian mummies
  An ice devil (Pan)
  A minotaur skeleton (Tomb:3)
  2 harpy zombies (Crypt:3)
  3 meliai
  3 hellwings
  4 hornets
  8 trolls
  3 harpy skeletons
  25 merfolk
  A polar bear (shapeshifter) (D:14)
  2 wind drakes (Shoals:4)
  A moth of wrath zombie (Crypt:3)
  Prince Ribbit (D:6)
  2 meliai zombies
  2 polar bears
  12 snapping turtles
  13 blink frogs
  9 dream sheep
  A centaur simulacrum (D:15)
  3 spriggans (Depths:4)
  10 flying skulls (Tomb:3)
  101 slime creatures
  A slime creature (shapeshifter) (Vaults:5)
  3 air elementals
  A culicivora (shapeshifter) (D:14)
  A black mamba skeleton (Crypt:2)
  15 wraiths
  3 shadows
  3 ushabtiu
  The ghost of pdpol the Chopper, an amateur MiFi (D:3)
  2 ynoxinuls
  4 wyverns
  A golden eye (Slime:4)
  48 yaks
  3 basilisks
  12 chaos spawn
  4 large abominations (Pan)
  2 neqoxecs (Pan)
  20 water elementals
  5 vampire mosquitoes (D:13)
  3 redbacks (D:8)
  Menkaure (Ossuary)
  A warg (D:15)
  A naga zombie (Tomb:1)
  An elf skeleton (Vaults:2)
  An entropy weaver zombie (Vaults:2)
  A skyshark zombie (Crypt:2)
  An acid dragon (D:13)
  19 water moccasins
  32 nagas
  A manticore zombie (Crypt:1)
  3 black bears
  An ice beast (D:8)
  2 hornet zombies (D:15)
  A black bear (shapeshifter) (Elf:3)
  2 elephant zombies (Crypt:3)
  A sky beast (D:7)
  64 orc warriors
  11 ogres
  6 boggarts
  12 wolves
  12 centaurs
  3 phantoms
  An elf simulacrum (Vaults:2)
  7 kobold brigands (Bailey)
  12 bullfrogs
  3 gnoll sergeants
  10 scorpions
  A necrophage (Crypt:1)
  A salamander skeleton (Crypt:2)
  3 earth elementals
  7 wights
  A troll zombie (D:9)
  A yak zombie (Crypt:3)
  18 killer bees
  2 vampire bats (Orc:1)
  A shapeshifter skeleton (Crypt:3)
  An electric eel (Lair:3)
  11 howler monkeys
  A basilisk zombie (Crypt:1)
  4 jellies
  24 orc priests
  5 hounds
  3 boggart zombies (D:15)
  Ijyb (D:3)
  3 sleepcaps
  3 iguanas (D:5)
  17 orc wizards
  A statue (D:6)
  A boggart skeleton (D:15)
  5 ogre zombies (D:9)
  An ogre skeleton (Crypt:1)
  29 mummies
  16 gnolls
  A steam dragon zombie (Crypt:3)
  6 adders
  A shadow imp (D:8)
  2 white imps
  2 ufetubi
  2 worms
  77 orcs
  6 ball pythons
  A bat skeleton (Crypt:2)
  5 endoplasms
  3 giant cockroaches
  7 goblins
  5 hobgoblins
  12 jackals
  3 quokkas
  11 bats
  A frilled lizard (D:2)
  8 gnoll skeletons (Ossuary)
  6 gnoll zombies (Ossuary)
  3 goblin skeletons
  7 goblin zombies
  7 hobgoblin skeletons
  9 hobgoblin zombies
  21 kobolds
  2 kobold skeletons (Ossuary)
  3 kobold zombies (Ossuary)
  4 orc skeletons
  12 orc zombies
  A quokka zombie (Crypt:3)
  4 rats
  6 rat skeletons (Ossuary)
  2 rat zombies (Ossuary)
2502 creatures vanquished.

Vanquished Creatures (others)
  A doom hound (Crypt:2)
  An ironbound convoker (Vaults:2)
  A deep elf zephyrmancer (Elf:1)
  An ugly thing (Depths:2)
  A naga (Snake:4)
  An orc wizard (D:5)
6 creatures vanquished.

Grand Total: 2508 creatures vanquished

Notes
Turn   | Place    | Note
-------+----------+-------------------------------------------
     0 | D:1      | SnakkuSnakku7 the Ghoul Hexslinger began the quest for the
                  | Orb.
     0 | D:1      | Reached XP level 1. HP: 16/16 MP: 1/1
   134 | D:1      | Reached skill level 1 in Unarmed Combat
   134 | D:1      | Reached XP level 2. HP: 21/24 MP: 2/2
   239 | D:1      | You fall into a shaft and drop 1 floor!
  1019 | D:2      | Reached XP level 3. HP: 29/29 MP: 3/3
  1400 | D:3      | Found a runed translucent gate.
  1400 | D:3      | Found a runed translucent gate.
  1400 | D:3      | Found a runed translucent gate.
  1404 | D:3      | Noticed pdpol's ghost (amateur MiFi)
  1498 | D:3      | Noticed Ijyb
  1500 | D:3      | HP: 1/30 [Ijyb/bolt of dispelling energy (21)]
  1536 | D:4      | Reached XP level 4. HP: 28/38 MP: 4/4
  1689 | D:4      | Noticed a scorpion
  1702 | D:4      | Killed a scorpion
  1703 | D:4      | Reached XP level 5. HP: 36/46 MP: 5/5
  1949 | D:4      | Reached XP level 6. HP: 6/53 MP: 6/6
  2817 | D:3      | Killed Ijyb
  2818 | D:3      | Reached skill level 5 in Fighting
  2818 | D:3      | Reached skill level 5 in Unarmed Combat
  3115 | D:5      | Entered Level 5 of the Dungeon
  3156 | D:5      | Reached XP level 7. HP: 61/61 MP: 7/7
  3499 | D:5      | Found a snail-covered altar of Cheibriados.
  3526 | D:5      | Reached XP level 8. HP: 58/68 MP: 8/8
  3554 | D:5      | Found a sand-covered staircase.
  3560 | Ossuary  | Entered an ossuary
  3862 | Ossuary  | Noticed Menkaure
  3875 | Ossuary  | Killed Menkaure
  4787 | D:6      | Found a radiant altar of Vehumet.
  4877 | D:6      | Reached skill level 10 in Unarmed Combat
  4887 | D:6      | Found an iron altar of Okawaru.
  4944 | D:6      | Noticed Prince Ribbit
  4958 | D:6      | Killed Prince Ribbit
  4960 | D:6      | Reached XP level 9. HP: 53/74 MP: 9/9
  5090 | D:6      | Found Jataqell's Jewellery Emporium.
  5101 | D:6      | Bought an amulet of regeneration for 300 gold pieces
  5445 | D:7      | Found a hazy altar of Hepliaklqana.
  5607 | D:7      | Found a shadowy altar of Dithmenos.
  5607 | D:7      | Found a broken altar of Ashenzari.
  5715 | D:7      | Found a runed translucent gate.
  5716 | D:7      | Noticed jtron's ghost (novice TrBe)
  5716 | D:7      | Found a runed translucent gate.
  5717 | D:7      | Found a runed translucent gate.
  5718 | D:7      | Identified the +0 plate armour of Plog {rN+}
  5836 | D:7      | Found a flagged portal.
  5840 | D:7      | Identified the +7 hand axe of Fate {heavy, rElec Str+2}
  5843 | Bailey   | Entered a bailey
  5886 | Bailey   | Reached skill level 1 in Throwing
  5983 | Bailey   | Noticed an orc knight
  6094 | Bailey   | Killed an orc knight
  6095 | Bailey   | Reached XP level 10. HP: 17/81 MP: 10/10
  6151 | Bailey   | Found a burning altar of Makhleb.
  6180 | D:7      | Found a staircase to the Ecumenical Temple.
  6192 | Temple   | Entered the Ecumenical Temple
  6199 | Temple   | Became a worshipper of Uskayaw the Reveller
  6412 | D:7      | Reached * piety under Uskayaw
  6417 | D:7      | Reached ** piety under Uskayaw
  6601 | D:8      | Reached *** piety under Uskayaw
  6791 | D:8      | Found the +9 staff of Olgreb {rPois∞}
  6794 | D:8      | Found a runed translucent door.
  6799 | D:8      | Found a runed translucent gate.
  6799 | D:8      | Found a runed translucent gate.
  6800 | D:8      | Found a runed translucent door.
  6811 | D:8      | Found a runed translucent gate.
  6833 | D:8      | Reached **** piety under Uskayaw
  6839 | D:8      | Reached ***** piety under Uskayaw
  6843 | D:8      | Reached ****** piety under Uskayaw
  6937 | D:8      | Reached skill level 15 in Unarmed Combat
  7012 | D:8      | Reached skill level 1 in Armour
  7312 | D:8      | Noticed Joseph
  7335 | D:8      | Killed Joseph
  7814 | D:9      | Reached skill level 1 in Shields
  7814 | D:9      | Reached XP level 11. HP: 83/86 MP: 11/11
  7865 | D:9      | Found a staircase to the Orcish Mines.
  8093 | D:9      | Found a stormy altar of Qazlal.
  8319 | D:9      | Found a shimmering altar of Xom.
  8320 | D:9      | Found a shimmering altar of Xom.
  8322 | D:9      | Found a shimmering altar of Xom.
  8322 | D:9      | Found a shimmering altar of Xom.
  8323 | D:9      | Found a shimmering altar of Xom.
  8323 | D:9      | Found a shimmering altar of Xom.
  8324 | D:9      | Found a shimmering altar of Xom.
  8325 | D:9      | Found a shimmering altar of Xom.
  8326 | D:9      | Found a shimmering altar of Xom.
  8443 | D:10     | Entered Level 10 of the Dungeon
  8847 | D:10     | Found a sacrificial altar of Ru.
  8847 | D:10     | Found a burning altar of Makhleb.
  8942 | D:10     | Found an ornate altar of the Wu Jian Council.
  8975 | D:10     | Reached skill level 5 in Armour
  9158 | D:10     | Found a shimmering blue altar of Sif Muna.
  9394 | D:11     | Found a staircase to the Lair.
  9398 | D:11     | Noticed a fire crab
  9413 | D:11     | Killed a fire crab
  9496 | D:11     | Found a runed translucent door.
  9497 | D:11     | Noticed HilariousDeathArtist's ghost (journeyman BaEn)
  9513 | D:11     | Noticed a manticore
  9525 | D:11     | Killed a manticore
  9808 | D:11     | Noticed a two-headed ogre
  9816 | D:11     | Killed a two-headed ogre
  9966 | Lair:1   | Entered Level 1 of the Lair of Beasts
 10093 | Lair:1   | Reached XP level 12. HP: 54/94 MP: 12/12
 10182 | Lair:1   | Noticed a catoblepas
 10227 | Lair:1   | Killed a catoblepas
 10466 | Lair:1   | Reached skill level 10 in Armour
 11065 | Lair:2   | Noticed a catoblepas
 11291 | Lair:2   | Noticed an eight-headed hydra
 11467 | Lair:2   | Noticed a boulder beetle
 11481 | Lair:2   | Killed a boulder beetle
 11482 | Lair:2   | Reached skill level 10 in Fighting
 11730 | Lair:2   | Killed a catoblepas
 11731 | Lair:2   | Reached XP level 13. HP: 46/116 MP: 13/13
 12284 | Lair:3   | Noticed Urug
 12299 | Lair:3   | Killed Urug
 12329 | Lair:3   | Found a staircase to the Snake Pit.
 12370 | Lair:3   | Reached skill level 1 in Invocations
 12378 | Lair:3   | Reached skill level 2 in Invocations
 12523 | Lair:3   | Reached skill level 3 in Invocations
 12534 | Lair:3   | Reached skill level 4 in Invocations
 12576 | Lair:3   | Reached skill level 5 in Invocations
 12614 | Lair:3   | Reached skill level 6 in Invocations
 12653 | Lair:3   | Found a staircase to the Shoals.
 13051 | Lair:4   | Identified a scroll of acquirement
 13051 | Lair:4   | Acquired 1021 gold pieces
 13080 | Lair:4   | Found a gate leading to a gauntlet.
 13112 | Gauntlet | Entered a Gauntlet
 13112 | Gauntlet | Noticed a reaper
 13112 | Gauntlet | Found a transporter.
 13112 | Gauntlet | Found a transporter.
 13121 | Gauntlet | Found a transporter.
 13131 | Gauntlet | Found a transporter.
 13146 | Gauntlet | Found a transporter.
 13156 | Gauntlet | Found a transporter.
 13171 | Gauntlet | Found a transporter.
 13177 | Gauntlet | Found a transporter.
 13189 | Gauntlet | Found the +3 salamander hide armour {Flames, rFlCloud rF++
                  | rC--}
 13195 | Gauntlet | Found a transporter.
 13195 | Gauntlet | Found a transporter.
 13196 | Gauntlet | Found the +0 pair of fencer's gloves {Riposte Dex+3}
 13200 | Gauntlet | Found a transporter.
 13203 | Gauntlet | Found the dreamshard necklace {*Dream Drain}
 13212 | Gauntlet | Found a transporter.
 13299 | Gauntlet | Reached skill level 7 in Invocations
 13332 | Gauntlet | Noticed a minotaur
 13336 | Gauntlet | Found the +8 storm bow {elec, penet}
 13345 | Gauntlet | Killed a minotaur
 13353 | Gauntlet | Identified the +2 demon trident "Rewiog" {freeze, rElec
                  | Will+ Int-3 SInv}
 13354 | Gauntlet | Got the Codex of the Entrancing Volcano
 13750 | Lair:4   | Reached skill level 5 in Ranged Weapons
 13873 | Lair:4   | Found the sphere of Battle
 14430 | Lair:5   | Entered Level 5 of the Lair of Beasts
 14434 | Lair:5   | Reached XP level 14. HP: 126/126 MP: 18/18
 14591 | Lair:5   | Reached skill level 10 in Ranged Weapons
 14591 | Lair:5   | Reached XP level 15. HP: 131/132 MP: 19/19
 14609 | Lair:5   | Found a shadowy altar of Dithmenos.
 14912 | Lair:5   | Identified the staff of death "Vearitis" {rC+ rN+ Str+7}
 14987 | Lair:5   | Found a viscous altar of Jiyva.
 14987 | Lair:5   | Found a staircase to the Slime Pits.
 15726 | D:3      | Killed pdpol's ghost
 15872 | D:7      | Killed jtron's ghost
 16127 | D:11     | Killed HilariousDeathArtist's ghost
 16234 | Orc:1    | Entered Level 1 of the Orcish Mines
 16471 | Orc:1    | Found Yxkein's Jewellery Boutique.
 16587 | Orc:1    | Found a transporter.
 16591 | Orc:1    | Found a transporter.
 16591 | Orc:1    | Found a transporter.
 16592 | Orc:1    | Found a sparkling altar of Nemelex Xobeh.
 16592 | Orc:1    | Noticed a juggernaut
 16597 | Orc:1    | Found a transporter.
 16598 | Orc:1    | Found a transporter.
 16601 | Orc:1    | Found a transporter.
 16639 | Orc:1    | Identified the ring of the Republic {+Blink rF+ Will+ EV+5}
 17026 | Orc:2    | Entered Level 2 of the Orcish Mines
 17037 | Orc:2    | Found a staircase to the Elven Halls.
 17057 | Orc:2    | Noticed an orc warlord
 17232 | Orc:2    | Killed an orc warlord
 17270 | Orc:2    | Noticed an orc warlord
 17377 | Orc:1    | Killed an orc warlord
 17529 | Orc:2    | Found Juafaq's Antique Weapon Boutique.
 17658 | Orc:2    | Found Nom Peix's Antique Armour Shop.
 17667 | Orc:2    | Bought a jewelled scale mail for 234 gold pieces
 17667 | Orc:2    | Identified the +6 scale mail of Gosujul {Dex+5 Slay+3} (You
                  | bought it in a shop on level 2 of the Orcish Mines)
 17856 | Orc:2    | Found Douvusk's General Store.
 17870 | Orc:2    | Found Wuatiak's Jewellery Emporium.
 17950 | Orc:2    | Found Xohouthi's Antique Weapon Boutique.
 18187 | D:12     | Reached XP level 16. HP: 139/139 MP: 20/20
 18311 | D:12     | Identified the +6 dagger of Kocaz {heavy, rElec rF++ rCorr
                  | Stlth-}
 18342 | D:12     | Noticed Psyche
 18345 | D:12     | Killed Psyche
 18359 | D:12     | Found Irupuf's Weapon Emporium.
 18987 | D:13     | Found a gate to the Vaults.
 19178 | D:13     | Identified the +2 scale mail of the Kangaroo {*Slow rPois
                  | Regen+ Int+3}
 19326 | D:13     | Reached skill level 15 in Ranged Weapons
 20117 | D:14     | Noticed Rupert
 20135 | D:14     | Killed Rupert
 20447 | D:15     | Entered Level 15 of the Dungeon
 20448 | D:15     | Noticed Agnes
 20456 | D:15     | Killed Agnes
 20689 | D:15     | Found Geugefromm's Armour Boutique.
 21004 | D:15     | Found a staircase to the Depths.
 21182 | D:15     | Reached XP level 17. HP: 139/146 MP: 21/21
 21195 | D:15     | Found the +9 sword of Zonguldrok {reap}
 21195 | D:15     | Noticed a bone dragon
 21356 | D:15     | Killed a bone dragon
 21726 | Orc:2    | Bought a pair of boots for 117 gold pieces
 21960 | Snake:1  | Entered Level 1 of the Snake Pit
 22180 | Snake:1  | Noticed Louise
 22189 | Snake:1  | Killed Louise
 23299 | Snake:2  | You fall into a shaft and drop 1 floor!
 23302 | Snake:3  | Reached skill level 5 in Dodging
 23364 | Snake:3  | Acquired the amulet of Vitality {RegenMP++ Regen++}
 23364 | Snake:3  | Found the amulet of Vitality {RegenMP++ Regen++}
 23377 | Snake:3  | Acquired 888 gold pieces
 23380 | Snake:3  | Acquired a manual of Ranged Weapons
 24342 | Snake:4  | Entered Level 4 of the Snake Pit
 24474 | Snake:3  | Found Qecex's General Store.
 24483 | Snake:3  | Bought 2 scrolls of fear for 120 gold pieces
 24483 | Snake:3  | Bought a scroll of fog for 60 gold pieces
 24536 | Snake:3  | Reached skill level 8 in Invocations
 24795 | Snake:4  | Found Favoan's Jewellery Shoppe.
 24796 | Snake:4  | Found Gitwy's Book Boutique.
 24798 | Snake:4  | Found Hubbetat's Jewellery Shoppe.
 24843 | Snake:4  | Found a runed translucent gate.
 24843 | Snake:4  | Found a runed translucent gate.
 25082 | Snake:4  | Noticed pdpol's ghost (adept MiFi)
 25084 | Snake:4  | Found a runed translucent gate.
 25096 | Snake:4  | Reached skill level 9 in Invocations
 25230 | Snake:4  | Reached XP level 18. HP: 154/154 MP: 24/24
 25321 | Snake:4  | Killed pdpol's ghost
 25371 | Snake:4  | Reached skill level 10 in Invocations
 25847 | Snake:4  | Noticed a quicksilver dragon
 25849 | Snake:4  | Noticed a quicksilver dragon
 25958 | Snake:3  | Killed a quicksilver dragon
 25959 | Snake:3  | Reached skill level 11 in Invocations
 26037 | Snake:4  | Killed a quicksilver dragon
 26126 | Snake:4  | Reached skill level 12 in Invocations
 26152 | Snake:4  | Got a serpentine rune of Zot
 26459 | Shoals:1 | Entered Level 1 of the Shoals
 26703 | Shoals:1 | Reached skill level 10 in Dodging
 27058 | Shoals:2 | Reached skill level 13 in Invocations
 27158 | Shoals:2 | Noticed Ilsuiw
 27202 | Shoals:2 | Killed Ilsuiw
 27365 | Shoals:2 | Reached skill level 14 in Invocations
 27811 | Shoals:3 | Reached skill level 15 in Invocations
 27811 | Shoals:3 | Reached XP level 19. HP: 160/160 MP: 29/29
 27822 | Shoals:3 | Found Geofij's Book Shop.
 27929 | Shoals:4 | Entered Level 4 of the Shoals
 28127 | Shoals:4 | Got a barnacled rune of Zot
 28282 | Shoals:4 | Found Alocuq's Book Shop.
 28483 | Shoals:4 | Found Fpoent's Fabulous Fripperies.
 28497 | Shoals:4 | Bought a manual of Fighting for 1200 gold pieces
 28497 | Shoals:4 | Bought 3 scrolls of fog for 180 gold pieces
 28548 | Shoals:4 | Identified the +11 falchion of Makhleb's Respect {heavy,
                  | SInv}
 28892 | Elf:1    | Entered Level 1 of the Elven Halls
 28899 | Elf:1    | Reached skill level 15 in Fighting
 29168 | Elf:1    | Got the Volume of Accompaniment
 29307 | Elf:1    | Identified the staff of conjuration "Olofem" {Fragile rElec
                  | rN+ Str+4}
 29582 | Elf:1    | Noticed Aizul
 29591 | Elf:1    | Killed Aizul
 29688 | Elf:2    | Found a runed translucent gate.
 29690 | Elf:2    | Found a runed translucent gate.
 29690 | Elf:2    | Found a runed translucent gate.
 29992 | Elf:2    | Reached XP level 20. HP: 151/193 MP: 30/30
 30315 | Elf:3    | Entered Level 3 of the Elven Halls
 31087 | Elf:3    | Identified the ring "Cuwiwy" {rN+ rCorr}
 31095 | Elf:3    | Identified the +3 hand axe of Excruciating Pain {heavy,
                  | rCorr}
 31098 | Elf:3    | Identified the +0 plate armour "Vap Sang" {Harm Dex+5 SInv
                  | Stlth-}
 31106 | Elf:3    | Identified the staff of conjuration "Tiul" {rF- Int+4
                  | Stlth+}
 31136 | Elf:3    | Identified the staff of fire "Locak" {Fragile rF+ rC+
                  | rCorr}
 31141 | Elf:3    | Identified the +2 ring mail "Opyd" {rPois rC- Dex+3}
 31167 | Elf:3    | Identified the +12 double sword "Refrerit" {antimagic, rF+
                  | Str+4}
 31168 | Elf:3    | Identified the +7 flail of Ineucorr {flame, rC+}
 31221 | Elf:3    | Identified the +10 trident of Inquiry {holy, Fly Will-
                  | Str+7 Dex+3}
 31519 | Vaults:1 | Entered Level 1 of the Vaults
 32542 | Vaults:1 | Reached XP level 21. HP: 201/201 MP: 31/31
 32816 | Vaults:2 | Reached skill level 15 in Dodging
 32844 | Vaults:2 | Identified the +6 whip of the Gnat {flame, rF++ rN+}
 32847 | Vaults:2 | Identified the ring "Darpher" {rPois rF+ Dex+6}
 32880 | Vaults:2 | Identified the ring of Nulitar {Int+4 Dex+6}
 32976 | Vaults:2 | Identified the +4 falchion "Jimeal" {drain, *Corrode Str+8}
 33535 | Vaults:2 | Found a staircase to the Crypt.
 34026 | Vaults:3 | Noticed Sojobo
 34177 | Vaults:3 | Paralysed by an air elemental for 1 turns
 34180 | Vaults:3 | Killed Sojobo
 34453 | Vaults:3 | You are sucked into a shaft and drop 1 floor!
 34591 | Vaults:3 | Reached XP level 22. HP: 195/223 MP: 32/32
 35649 | Vaults:4 | Reached skill level 16 in Invocations
 35818 | Vaults:4 | Reached skill level 17 in Invocations
 36019 | Vaults:4 | Reached skill level 18 in Invocations
 36175 | Vaults:4 | Reached skill level 19 in Invocations
 36602 | Vaults:5 | Entered Level 5 of the Vaults
 36630 | Vaults:5 | Noticed a golden dragon
 36648 | Vaults:4 | Reached skill level 20 in Invocations
 36766 | Vaults:5 | Noticed a dread lich
 36819 | Vaults:5 | Noticed a golden dragon
 36822 | Vaults:5 | Reached XP level 23. HP: 219/229 MP: 36/36
 36842 | Vaults:5 | Identified the +4 whip of Sharp Conscience {freeze, rElec
                  | rF- Int+2 SInv}
 36944 | Vaults:5 | Killed a dread lich
 36945 | Vaults:5 | Reached skill level 5 in Evocations
 37118 | Vaults:5 | Killed a golden dragon
 37281 | Vaults:5 | Noticed a golden dragon
 37295 | Vaults:5 | Killed a golden dragon
 37307 | Vaults:5 | Identified the staff of fire "Ponyllud" {rF+ Will- rCorr
                  | Str+2}
 37309 | Vaults:5 | Got a silver rune of Zot
 37502 | Vaults:5 | Reached skill level 15 in Armour
 37911 | Vaults:5 | Identified the +0 ring mail of the Shoals {MP+9 Str+5}
 38244 | Vaults:5 | Killed a golden dragon
 38771 | Slime:1  | Entered Level 1 of the Pits of Slime
 38868 | Slime:5  | Entered Level 5 of the Pits of Slime
 38980 | Slime:5  | Noticed the Royal Jelly
 39249 | Slime:5  | Found a viscous altar of Jiyva.
 39372 | Slime:5  | Reached XP level 24. HP: 238/238 MP: 36/36
 39399 | Slime:5  | Killed the Royal Jelly
 39880 | Slime:5  | Identified the +9 falchion "Epsidooxt" {protect, rF+ Int+3}
 39924 | Slime:5  | Identified the staff of fire "Kijud Cao" {rF+ rN++}
 39925 | Slime:5  | Identified the +9 crystal plate armour of the Slightly Bent
                  | {rF+ rN+ Will- Dex+2}
 39927 | Slime:5  | Got the Codex of Anemomancy and Imprecation
 39973 | Slime:5  | Got a slimy rune of Zot
 39981 | Slime:5  | Identified the +7 mace "Igoerri" {holy, *Rage rC++ rCorr
                  | Int+3}
 40409 | Depths:1 | Entered Level 1 of the Depths
 40409 | Depths:1 | Found a one-way gate to the infinite horrors of the Abyss.
 40439 | Depths:1 | Found Moinyrgh's Weapon Shoppe.
 40441 | Depths:1 | Found Zosiqikk's Distillery.
 40473 | Depths:1 | Found Emiroot's Jewellery Shoppe.
 40478 | Depths:1 | Bought a potion of experience for 700 gold pieces
 40478 | Depths:1 | Bought a potion of heal wounds for 70 gold pieces
 40478 | Depths:1 | Bought 2 potions of curing for 84 gold pieces
 40478 | Depths:1 | Bought a potion of curing for 42 gold pieces
 40478 | Depths:1 | Bought a potion of heal wounds for 70 gold pieces
 40478 | Depths:1 | Bought a potion of resistance for 140 gold pieces
 40480 | Depths:1 | Reached XP level 25. HP: 247/247 MP: 36/36
 40690 | Depths:1 | Reached skill level 21 in Invocations
 40789 | Depths:1 | Learned a level 5 spell: Borgnjor's Vile Clutch
 40807 | Depths:1 | Reached skill level 1 in Necromancy
 40807 | Depths:1 | Reached skill level 1 in Earth Magic
 40807 | Depths:1 | Found a gateway to Hell.
 40921 | Depths:1 | Found a hide-covered altar of Uskayaw.
 41378 | Depths:2 | Found a one-way gate leading to the halls of Pandemonium.
 41550 | Depths:2 | Reached skill level 5 in Earth Magic
 41564 | Depths:2 | Reached skill level 5 in Necromancy
 42353 | Depths:3 | Reached XP level 26. HP: 241/256 MP: 36/36
 43011 | Depths:4 | Entered Level 4 of the Depths
 43060 | Depths:4 | Found a blossoming altar of Fedhas.
 43154 | Depths:4 | Reached skill level 10 in Earth Magic
 43405 | Depths:4 | Reached skill level 10 in Necromancy
 43498 | Depths:4 | Found a one-way gateway to a ziggurat.
 44003 | Depths:4 | Found a gate to the Realm of Zot.
 44121 | Depths:4 | Identified the staff of fire "Evoump" {rF+ rC- Str+6}
 44477 | Crypt:1  | Entered Level 1 of the Crypt
 44926 | Crypt:1  | Reached skill level 5 in Spellcasting
 45239 | Crypt:2  | Reached XP level 27. HP: 264/264 MP: 36/36
 45300 | Crypt:2  | Noticed Grunn
 45314 | Crypt:2  | Killed Grunn
 45360 | Crypt:2  | Reached skill level 22 in Invocations
 45802 | Crypt:3  | Entered Level 3 of the Crypt
 46145 | Crypt:2  | Reached skill level 23 in Invocations
 46383 | Crypt:3  | Found an ancient bone altar of Kikubaaqudgha.
 46415 | Crypt:3  | Identified the ring of Deihaxymma {*Corrode rF+ Str+8 Int+5
                  | Dex-4}
 46455 | Crypt:3  | Identified the staff of air "Neumoremm" {rElec Dex+3 SInv}
 46526 | Crypt:3  | Identified the ring of Oxka {+Blink rN+ Str+4 Int+3}
 46526 | Crypt:3  | Identified the ring "Wayth" {rN+ rCorr}
 46609 | Crypt:3  | Identified the orb "Xuhitam" {*channel, Regen+}
 46615 | Crypt:3  | Found an ancient bone altar of Kikubaaqudgha.
 46691 | Crypt:3  | Found a staircase to the Tomb.
 46943 | Crypt:3  | Reached skill level 24 in Invocations
 47229 | Tomb:1   | Entered Level 1 of the Tomb of the Ancients
 47556 | Tomb:1   | Reached skill level 25 in Invocations
 47591 | Tomb:1   | Got Tiuff's Vademecum on the Legion and Sparks
 47721 | Tomb:3   | Entered Level 3 of the Tomb of the Ancients
 47761 | Tomb:3   | Noticed a royal mummy
 47770 | Tomb:3   | Noticed a royal mummy
 47877 | Tomb:3   | Noticed a royal mummy
 47886 | Tomb:3   | Killed a royal mummy
 47889 | Tomb:3   | Noticed a royal mummy
 47890 | Tomb:3   | Identified the +1 leather armour of Ignis's Condemnation
                  | {rN++ SInv}
 47890 | Tomb:3   | Noticed a royal mummy
 47891 | Tomb:3   | Noticed a royal mummy
 47993 | Tomb:3   | Noticed a royal mummy
 48006 | Tomb:3   | Killed a royal mummy
 48011 | Tomb:3   | Noticed a royal mummy
 48027 | Tomb:3   | Killed a royal mummy
 48101 | Tomb:3   | Got a golden rune of Zot
 48129 | Tomb:3   | Reached skill level 26 in Invocations
 48180 | Tomb:3   | Noticed a royal mummy
 48203 | Tomb:3   | Killed a royal mummy
 48254 | Tomb:3   | Killed a royal mummy
 48255 | Tomb:3   | Killed a royal mummy
 48266 | Tomb:3   | Identified the staff of earth "Elei" {*Corrode Fragile Fly
                  | rElec}
 48277 | Tomb:3   | Identified the +4 great mace of Callousness {drain, SInv}
 48287 | Tomb:3   | Identified the +4 plate armour of the Swan {rC+ Stlth+}
 48372 | Tomb:3   | Identified the +4 battleaxe "SnakkuSnakku7's Foe" {flame,
                  | rPois}
 48389 | Tomb:3   | Got Improving Your Spellweaving
 48391 | Tomb:3   | Got the Spellbook of Wild Calefaction
 48417 | Tomb:3   | Identified the ring of Tempters {AC+4 Str+5}
 48430 | Tomb:3   | Identified the ring of Ysmalel {rPois rF+ rN+ Stlth-}
 48952 | Pan      | Entered Pandemonium
 49013 | Pan      | Noticed Sufiyrik the pandemonium lord
 49033 | Pan      | Killed Sufiyrik the pandemonium lord
 49172 | Pan      | Noticed Pyerghaf the pandemonium lord
 49187 | Pan      | Killed Pyerghaf the pandemonium lord
 49188 | Pan      | Reached skill level 27 in Invocations
 49352 | Pan      | Got a demonic rune of Zot
 50280 | Pan      | Noticed Mennas
 50283 | Pan      | HP: 11/270 [Mennas/+4 trishula of holy wrath (3)]
 50283 | Pan      | Mangled by Mennas

Illustrated notes

Levels and vault maps discovered:
D:1:      spicycebolla_arrival_transporter_tutorial, layout_basic, serial_glass,
          glass_columns_b, glass_columns_a
D:2:      layout_basic, minmay_fountain_box
D:3:      layout_rooms, ebering_ghost_rock_garden, uniq_ijyb
D:4:      layout_cave_pods
D:5:      layout_basic, mainiacjoe_overflow_surrounded_room,
          lightli_ossuary_entry_decrepit_ruins
D:6:      layout_cave_pods, kennysheep_okawaru_gauntlet, vehumet_statue,
          serial_shops, shop, uniq_prince_ribbit1
D:7:      layout_loops_ring, amcnicky_altar_gilded, jmf_multi_god_temple,
          minmay_temple_entry_drinking_statues, biasface_ghost_orc_armoury,
          enter_bailey_2
D:8:      layout_loops_corners, elyvilon_altar_3,
          minmay_guarded_unrand_staff_of_olgreb, uniq_joseph
D:9:      layout_cave_pools, xom_redecorated, general_overflow_altar,
          zombieorc1_lemuel
D:10:     layout_layer_cave, led_sif_book, lemuel_tele_altar,
          nicolae_overflow_two_pavilions, minivault_25_ag,
          minmay_misc_feat_pillars
D:11:     layout_roguey, minmay_lair_entry_lava, gammafunk_ghost_grave
D:12:     layout_cave_pods, serial_shops, nicolae_shop_tiny_waterfront,
          uniq_psyche
D:13:     layout_roguey [special_room_orc], skrybe_vaults_entry_preservation
D:14:     layout_roguey, serial_rivers, chequers_serial_rivers_small_a,
          chequers_serial_rivers_small_a, chequers_serial_rivers_micro_b,
          chequers_serial_rivers_large_a, chequers_serial_rivers_small_a,
          chequers_serial_rivers_room_a, dk_noncrumbling_4, uniq_rupert
D:15:     hangedman_depths_entry_try_elsewhere_first, layout_basic,
          serial_bayou_shore_b, serial_shops, nicolae_shop_mannequins,
          minmay_guarded_unrand_zonguldrok, uniq_agnes
Temple:   nicolae_temple_cloud_nine
Lair:1:   layout_small_grid, fungi_pond_lemuel, dreamdust_deal_with_the_devil,
          serial_bayou_shore_b, grunt_megastairs_2, serial_bayou_shore_a
Lair:2:   cheibrodos_lair_overgrown_chateau, layout_cave_pods,
          serial_bayou_shore_b, infiniplex_staircase_pool_2
Lair:3:   layout_regular_city, elwin_shoals_entry_stream,
          guppyfry_snake_entry_garden, fungi_pond_lemuel, uniq_urug
Lair:4:   layout_cave_pods, gauntlet_entry_generic,
          nicolae_quartered_pool_medium, minmay_lair_oklob_items,
          nicolae_lair_yak_garden, lemuel_fruit_tree
Lair:5:   hangedman_lair_in_review, layout_big_grid, slime_entry_1, basic_altar
Shoals:1: layout_shoals, kb_tengu_band
Shoals:2: argonaut_golden_fleece, layout_shoals, uniq_ilsuiw
Shoals:3: layout_shoals, serial_shops, shop
Shoals:4: shoals_end_grunt_ice, layout_shoals, serial_shops, shop_statue,
          nicolae_shoals_lost_giant_pillars, nicolae_alphabet_shops
Snake:1:  layout_chambers, nicolae_snake_ghostly_warrior_ritual,
          grunt_megastairs_4, uniq_louise
Snake:2:  layout_chambers
Snake:3:  layout_onion_interference, serial_shops, shop, st_stairs_14,
          hangedman_snake_pattern
Snake:4:  hellmonk_snake_rune_quicksilver_temple, layout_layer_cave,
          gammafunk_ghost_split, minmay_shop_grove
Slime:1:  layout_caves, nicolae_slime_getting_an_eyeful
Slime:2:  layout_caves
Slime:3:  layout_caves
Slime:4:  layout_caves
Slime:5
Orc:1:    layout_caves, serial_shops, shop, roderic_batcave,
          hellmonk_jugg_or_not
Orc:2:    grunt_orc_gardens, layout_caves, grunt_orc_garden, grunt_orc_garden,
          grunt_orc_garden, grunt_orc_garden, serial_shops, shop
Elf:1:    eino_elf_arrival_shootout, layout_gridlike, minmay_elf_demonology,
          uniq_aizul
Elf:2:    elven_hall_of_blades_hangedman_original [nicolae_blade_tridents],
          layout_geoelf_grid, special_room [special_room_orc]
Elf:3:    elf_hall, layout_geoelf_octagon
Vaults:1: nicolae_vaults_house_3, v_misc_26, nicolae_vaults_network_quinsquares
          [nicolae_vaults_network_quincunx_subvault,
          nicolae_vaults_network_quincunx_subvault,
          nicolae_vaults_network_quincunx_subvault,
          nicolae_vaults_network_quincunx_subvault],
          nicolae_vaults_network_quincunx
          [nicolae_vaults_network_quincunx_subvault,
          nicolae_vaults_network_quincunx_subvault,
          nicolae_vaults_network_quincunx_subvault,
          nicolae_vaults_network_quincunx_subvault,
          nicolae_vaults_network_quincunx_subvault], hangedman_vaults_cutoff,
          vaults_standard_mumra_x, ontoclasm_vaults_gateway,
          nicolae_vaults_tetromino_L_2, nicolae_vaults_little_squares_4,
          nicolae_vaults_two_Ls, vaults_room_corners, nicolae_vaults_house_2,
          layout_vaults_quadrants
Vaults:2: ontoclasm_vaults_chip, nicolae_vaults_double_plus_3,
          vaults_room_stairs_pillars, hangedman_vaults_cutoff, v_rooms_4,
          v_alt_pattern_3, nicolae_vaults_big_ls,
          hangedman_vaults_corner_blocks, minmay_crypt_entry_simple_round,
          hangedman_vaults_stretched_pinwheel, v_misc_33,
          nicolae_vaults_tangram_2, nicolae_vaults_door_testing_chamber,
          nicolae_vaults_storing_the_good_stuff, layout_vaults_maze
Vaults:3: nicolae_vaults_storage_closets_1, vaults_standard_mumra_lines,
          nicolae_vaults_hallways_thing, vaults_room_pool,
          nicolae_vaults_network_barrier, vaults_room_corners,
          ontoclasm_vaults_hangar, nicolae_vaults_circle_grid_a,
          nicolae_vaults_swerve, vaults_room_fancy_cross,
          nicolae_vaults_wine_cellar, nicolae_vaults_sightless_eye,
          vaults_room_door_ring, nicolae_vaults_trapezoid_lopsided_1,
          nicolae_vaults_library_corner, layout_vaults_ring, uniq_sojobo
Vaults:4: hangedman_vaults_stagger, nicolae_vaults_circle_grid_a,
          nicolae_vaults_little_squares_6, nicolae_vaults_angled_halls,
          nicolae_vaults_house_3, nicolae_vaults_border_crossing,
          nicolae_vaults_house_1, grunt_vaults_hallway_short,
          nicolae_vaults_tetromino_L_2, nicolae_vaults_tetromino_L_2,
          nicolae_vaults_little_guard_posts, nicolae_vaults_house_3,
          layout_vaults_chaotic_city
Vaults:5: serial_shops
Crypt:1:  layout_gridlike, grunt_crypt_arrival_split
Crypt:2:  layout_basic, uniq_grunn
Crypt:3:  church_of_pain_bobbens, layout_chaotic_city,
          nicolae_tomb_entry_unfolded_pyramid_orthogonal, basic_altar
Tomb:1
Tomb:2
Tomb:3
Depths:1: layout_roguey, abyss_entry, hellmouth_3, nicolae_uskayaw_dance_hall,
          minmay_shop_star
Depths:2: hangedman_stitches_corridor, layout_cave_shapes,
          grunt_pan_entry_in_and_out, minmay_staircase_windowed_small,
          hangedman_coc_ice_floe, abyss_entry_small_statue_room, st_stairs_14
Depths:3: kennysheep_demon_jail, layout_gridlike, grunt_mini_vestibule,
          serial_bayou_lagoon_a, grunt_pan_entry_spiral, abyss_entry,
          minmay_holes
Depths:4: lemuel_castle_with_subvaults [lemuel_castle_interior_carwin_2],
          layout_cave_pools, enter_ziggurat_f, pf_hell_entry_tar_spiral,
          abyss_entry_crystal, fedhas_altar_3
Pan:      nicolae_pan_double_arrow, layout_irregular_city,
          pan_blood_fountain_small, nicolae_pan_gloorx_vloqian_4,
          nicolae_pan_sigil_eeng, evilmike_mini_pan_possible_glass,
          layout_gridlike, lemuel_hall_of_pain, layout_irregular_city,
          nicolae_pan_sigil_uleosi, rand_demon_4, layout_small_grid,
          evilmike_mini_pan_doors_b, layout_small_grid, uniq_mennas_pan

Skill      XL: |  1  2  3  4  5  6  7  8  9 10 11 12 13 14 15 16 17 18 19 20 21 22 23 24 25 26 27 |
---------------+----------------------------------------------------------------------------------+-----
Unarmed Combat | 1 2 3 4 5 8 11 13 15 | 15.0
Fighting       | 2 3 4 5 11 12 19 20 24 26 | 26.4
Throwing       | 3 4 |  4.0
Armour         | 4 8 10 11 12 15 | 15.0
Shields        | 1 4 |  4.9
Invocations    | 7 9 15 20 21 27 | 27.0
Ranged Weapons | 6 10 13 17 18 20 21 | 21.2
Dodging        | 8 10 14 15 | 15.0
Evocations     | 3 5 |  5.0
Necromancy     | 7 12 | 12.0
Earth Magic    | 7 12 | 12.0
Spellcasting   | 5 |  5.3
Hexes          | |  2.4

Action                     |  1- 3 |  4- 6 |  7- 9 | 10-12 | 13-15 | 16-18 | 19-21 | 22-24 | 25-27 || total
---------------------------+-------+-------+-------+-------+-------+-------+-------+-------+-------++-------
  Melee: Unarmed           |   162 |   280 |   425 |   744 |   197 |       |       |       |       ||  1808
         Punch             |     1 |     5 |    26 |    17 |       |       |       |       |       ||    49
   Fire: Sling             |    29 |       |       |       |       |       |       |       |       ||    29
         Longbow           |       |       |       |       |   498 |  1308 |  1364 |  1240 |  2428 ||  6838
  Throw: Dart              |       |       |    19 |    11 |     1 |       |       |       |       ||    31
         Throwing net      |       |       |       |       |       |       |     1 |       |       ||     1
 Invoke: Grand Finale      |       |       |       |       |     1 |       |     1 |     1 |     6 ||     9
         Stomp             |       |       |       |       |       |     1 |     1 |       |       ||     2
Ability: Evoke Blink       |       |       |       |       |       |       |       |     3 |       ||     3
  Evoke: Wand              |       |       |    12 |    21 |     1 |       |     2 |       |     1 ||    37
    Use: Potion            |     1 |     1 |     2 |     1 |     1 |     5 |       |     2 |    11 ||    24
         Scroll            |       |     4 |     3 |    11 |    14 |    15 |     3 |     6 |    12 ||    68
   Stab: Paralysed         |       |       |       |    35 |    14 |       |       |       |       ||    49
         Petrified         |       |       |       |    10 |       |       |       |       |       ||    10
         Petrifying        |       |       |       |     2 |       |       |       |       |       ||     2
 Armour: Robe              |    13 |       |       |       |       |       |       |       |       ||    13
         Chain mail        |   115 |   196 |       |       |       |       |       |       |       ||   311
         Plate armour      |       |    24 |   247 |   480 |    97 |       |       |       |       ||   848
         Leather armour    |       |       |       |       |    60 |       |       |       |       ||    60
         Scale mail        |       |       |       |       |     6 |   357 |   176 |   227 |   474 ||  1240
  Dodge: Dodged            |    82 |   108 |    87 |   213 |   123 |   765 |   523 |   636 |  1604 ||  4141
